 Dungeon Crawl Stone Soup version 0.29.0-4-gdea44cf6ec (webtiles) character file.

Game seed: 8729074635891608454

149 qw the Chopper (level 5, -12/30 HPs)
             Began as a Tengu Warper on Aug 28, 2022.
             Mangled by an orc wizard
             ... wielding a +0 dagger of electrocution
              (20 damage)
             ... on level 4 of the Dungeon.
             The game lasted 00:00:18 (2565 turns).

qw the Chopper (Tengu Warper)                       Turns: 2565, Time: 00:00:19

Health: -12/30     AC:  8    Str: 14    XL:     5   Next: 31%
Magic:  9/9        EV: 11    Int: 13    God:
Gold:   200        SH:  0    Dex: 13    Spells: 8/8 levels left

rFire   . . .      SeeInvis .   m - +0 war axe
rCold   . . .      Faith    .   (no shield)
rNeg    . . .      Spirit   .   g - +0 chain mail
rPois   +          Reflect  .   (helmet restricted)
rElec   .          Harm     .   (no cloak)
rCorr   .          Rampage  .   (no gloves)
Will    .....                   (boots unavailable)
Stlth   ..........              (no amulet)
HPRegen 0.10/turn               j - ring of poison resistance
MPRegen 0.11/turn               k - +4 ring of evasion

@: flying quickly and evasively, quick
A: beak, talons 3, nimble flight
a: no special abilities


You were on level 4 of the Dungeon.
You visited 1 branch of the dungeon, and saw 4 of its levels.

You collected 200 gold pieces.


Innate Abilities, Weirdness & Mutations

You have a beak for a mouth.
You have claws for feet.
Your magical nature lets you fly swiftly and evasively.


   Skills:
 - Level 2.0 Fighting
 + Level 5.9 Axes
 - Level 1.0 Throwing
 - Level 1.1 Armour
 - Level 2.1 Dodging
 - Level 2.0 Spellcasting
 - Level 2.4 Translocations


You had 8 spell levels left.
You didn't know any spells.
Your spell library contained the following spells:

 Spells                   Type           Power      Damage    Failure   Level
 Blink                    Tloc           14%        N/A       99%         2
 Gell's Gravitas          Tloc           7%         N/A       100%        3
 Lesser Beckoning         Tloc           7%         N/A       100%        3
 Teleport Other           Tloc           7%         N/A       100%        3
 Manifold Assault         Tloc           7%         N/A       100%        5

Inventory:

Hand Weapons
 b - a +0 whip
 m - a +0 war axe (weapon)
Missiles
 a - 3 boomerangs (quivered)
Armour
 g - a +0 chain mail (worn)
Jewellery
 j - a ring of poison resistance (left hand)
 k - a +4 ring of evasion (right hand)
Scrolls
 c - a scroll of poison {unknown}
 l - a scroll of identify
Potions
 d - a potion of brilliance {unknown}
 e - a potion of might {unknown}
 f - a potion of invisibility {unknown}
 h - a potion of cancellation {unknown}
 i - a potion of heal wounds {unknown}
 n - a potion of degeneration {unknown}

Dungeon Overview and Level Annotations

Branches:
Dungeon (3/15)

Altars:


Message History

The orc wizard is heavily wounded.
The orc wizard barely misses you.
You hit the orc wizard but do no damage.
You claw the orc wizard.
The orc wizard is severely wounded.
The orc wizard closely misses you.
You hit the orc wizard but do no damage.
You peck the orc wizard.
The orc wizard is almost dead.
You hit the orc wizard. The orc wizard casts a spell at you.
You resist with some effort.
The orc wizard points at you and mumbles some strange words.
The magic dart hits you.
The orc wizard casts a spell.
The orc wizard flickers and vanishes!
Deactivating autopickup; reactivate with Ctrl-A.
The orc wizard mumbles some strange words.
The orc wizard flickers and vanishes!
You slash something!
Reactivating autopickup.
You feel a bit more experienced.
You barely miss something. Something hits you but does no damage.
Deactivating autopickup; reactivate with Ctrl-A.
You closely miss something.
You hear some strange, mumbled words.
A magic dart appears from out of thin air!
The magic dart hits you.
You slash something! Your kick misses something.
Something hits you but does no damage.
You miss something.
You hear some strange, mumbled words.
A magic dart appears from out of thin air!
The magic dart hits you but does no damage.
You miss something. Your peck misses something.
An orc comes into view. It is wielding a +0 hand axe.
Something hits you but does no damage.
You are electrocuted!
Something hits you.
You are electrocuted!!
Ouch! That really hurt!
You die...

###### ........# .#
o..o...+ .# ......# .#
=....# .# ......#####.
.### #........... ...#
#.##........ .#.###
#.##){...... .#...#
###+#.##@.......
.###.##
#........###.... .#
#.)###........# ##.
.####).##........#
............#.#.......
...[........#.#.......
..............#..%.....
............#.#........
............#.#........


You could see an orc (wandering).

Vanquished Creatures
  An orc wizard (D:4)
  5 adders (D:2)
  An ufetubus (D:4)
  3 worms (D:2)
  A dart slug (D:2)
  4 orcs (D:4)
  3 ball pythons
  3 endoplasms
  3 giant cockroaches
  6 goblins
  9 hobgoblins
  4 quokkas
  4 bats
  2 frilled lizards
  3 kobolds (D:2)
  7 rats
59 creatures vanquished.

Vanquished Creatures (others)
  10 plants (D:1)
10 creatures vanquished.

Grand Total: 69 creatures vanquished

Notes
Turn   | Place    | Note
-------+----------+-------------------------------------------
     0 | D:1      | qw the Tengu Warper began the quest for the Orb.
     0 | D:1      | Reached XP level 1. HP: 12/12 MP: 4/4
     0 | D:1      | 0 ||| qw: Version: 0.1-a-89-g26bdef1
     0 | D:1      | 0 ||| qw: Game counter: 2498
     0 | D:1      | 0 ||| qw: Always use a shield: true
     0 | D:1      | 0 ||| qw: God list: Okawaru
     0 | D:1      | 0 ||| qw: Allow faded altars: false
     0 | D:1      | 0 ||| qw: Do Orc after D:15 true
     0 | D:1      | 0 ||| qw: Do second Lair branch before Depths: true
     0 | D:1      | 0 ||| qw: Lair rune preference: random
     0 | D:1      | 0 ||| qw: Plans: Normal
     0 | D:1      | 0 ||| PLANNING D:1-11
   171 | D:1      | 171 ||| Stepping ~*~*~tactically~*~*~ (stealth).
   173 | D:1      | 173 ||| Stepping ~*~*~tactically~*~*~ (stealth).
   175 | D:1      | 175 ||| Stepping ~*~*~tactically~*~*~ (stealth).
   178 | D:1      | 178 ||| Stepping ~*~*~tactically~*~*~ (stealth).
   179 | D:1      | 179 ||| Stepping ~*~*~tactically~*~*~ (stealth).
   180 | D:1      | 180 ||| Stepping ~*~*~tactically~*~*~ (stealth).
   181 | D:1      | 181 ||| Stepping ~*~*~tactically~*~*~ (stealth).
   184 | D:1      | 184 ||| Stepping ~*~*~tactically~*~*~ (stealth).
   185 | D:1      | 185 ||| Stepping ~*~*~tactically~*~*~ (stealth).
   194 | D:1      | Reached skill level 3 in Axes
   194 | D:1      | Reached XP level 2. HP: 17/17 MP: 6/6
   297 | D:1      | 297 ||| Stepping ~*~*~tactically~*~*~ (stealth).
   298 | D:1      | 298 ||| Stepping ~*~*~tactically~*~*~ (stealth).
   309 | D:1      | 309 ||| Stepping ~*~*~tactically~*~*~ (stealth).
   312 | D:1      | 312 ||| Stepping ~*~*~tactically~*~*~ (stealth).
   321 | D:1      | 321 ||| Stepping ~*~*~tactically~*~*~ (stealth).
   726 | D:1      | 726 ||| Stepping ~*~*~tactically~*~*~ (stealth).
   734 | D:1      | 734 ||| Stepping ~*~*~tactically~*~*~ (stealth).
   739 | D:1      | Found a faded altar of an unknown god.
   887 | D:1      | 887 ||| UPGRADING to +0 chain mail.
   897 | D:1      | 897 ||| DROPPING +0 leather armour.
   898 | D:1      | 898 ||| UPGRADING to ring of poison resistance.
   899 | D:1      | 899 ||| UPGRADING to +4 ring of evasion.
   900 | D:1      | 900 ||| READING 2 scrolls labelled OMO ILLYSYOCE.
   901 | D:1      | 901 ||| READING 2 scrolls labelled WEWKABR LEQ NEXE.
   902 | D:1      | 902 ||| DROPPING scroll of magic mapping.
   903 | D:1      | 903 ||| DROPPING scroll of blinking.
   928 | D:2      | 928 ||| Stepping ~*~*~tactically~*~*~ (hiding).
   935 | D:2      | Reached XP level 3. HP: 21/21 MP: 7/7
  1057 | D:2      | 1057 ||| DROPPING +0 club.
  1164 | D:2      | Reached skill level 4 in Axes
  1314 | D:2      | Reached XP level 4. HP: 26/26 MP: 8/8
  1501 | D:2      | 1501 ||| Stepping ~*~*~tactically~*~*~ (stealth).
  1504 | D:2      | Reached skill level 5 in Axes
  1858 | D:2      | 1858 ||| Stepping ~*~*~tactically~*~*~ (stealth).
  1859 | D:2      | 1859 ||| Stepping ~*~*~tactically~*~*~ (stealth).
  1861 | D:2      | 1861 ||| Stepping ~*~*~tactically~*~*~ (stealth).
  1890 | D:2      | 1890 ||| FLEEEEING.
  1891 | D:2      | 1891 ||| FLEEEEING.
  1892 | D:2      | 1892 ||| FLEEEEING.
  1893 | D:2      | 1893 ||| FLEEEEING.
  1894 | D:2      | 1894 ||| FLEEEEING.
  1895 | D:2      | 1895 ||| FLEEEEING.
  1896 | D:2      | 1896 ||| FLEEEEING.
  1897 | D:2      | 1897 ||| FLEEEEING.
  1898 | D:2      | 1898 ||| FLEEEEING.
  1899 | D:2      | 1899 ||| FLEEEEING.
  1900 | D:2      | 1900 ||| FLEEEEING.
  1901 | D:2      | 1901 ||| FLEEEEING.
  1903 | D:2      | 1903 ||| FLEEEEING.
  1905 | D:2      | 1905 ||| FLEEEEING.
  1906 | D:2      | 1906 ||| FLEEEEING.
  1907 | D:2      | 1907 ||| FLEEEEING.
  1908 | D:2      | 1908 ||| FLEEEEING.
  1909 | D:2      | 1909 ||| FLEEEEING.
  1910 | D:2      | 1910 ||| FLEEEEING.
  1915 | D:2      | 1915 ||| FLEEEEING.
  1916 | D:2      | 1916 ||| FLEEEEING.
  1917 | D:2      | 1917 ||| FLEEEEING.
  1918 | D:2      | 1918 ||| FLEEEEING.
  1928 | D:2      | 1928 ||| FLEEEEING.
  1929 | D:2      | 1929 ||| FLEEEEING.
  1930 | D:2      | 1930 ||| FLEEEEING.
  1931 | D:2      | 1931 ||| FLEEEEING.
  1932 | D:2      | 1932 ||| FLEEEEING.
  1938 | D:2      | 1938 ||| FLEEEEING.
  1939 | D:2      | 1939 ||| FLEEEEING.
  1940 | D:2      | 1940 ||| FLEEEEING.
  1947 | D:2      | 1947 ||| FLEEEEING.
  1948 | D:2      | 1948 ||| FLEEEEING.
  1949 | D:2      | 1949 ||| FLEEEEING.
  1950 | D:2      | 1950 ||| FLEEEEING.
  1952 | D:2      | 1952 ||| FLEEEEING.
  1959 | D:2      | 1959 ||| FLEEEEING.
  1960 | D:2      | 1960 ||| FLEEEEING.
  1961 | D:2      | 1961 ||| FLEEEEING.
  1974 | D:2      | 1974 ||| FLEEEEING.
  1977 | D:2      | 1977 ||| FLEEEEING.
  1979 | D:2      | 1979 ||| FLEEEEING.
  1980 | D:2      | 1980 ||| FLEEEEING.
  1981 | D:2      | 1981 ||| FLEEEEING.
  1982 | D:2      | 1982 ||| FLEEEEING.
  1983 | D:2      | 1983 ||| FLEEEEING.
  1984 | D:2      | 1984 ||| FLEEEEING.
  1988 | D:2      | 1988 ||| FLEEEEING.
  1989 | D:2      | 1989 ||| FLEEEEING.
  1990 | D:2      | 1990 ||| FLEEEEING.
  1997 | D:2      | 1997 ||| FLEEEEING.
  1998 | D:2      | 1998 ||| FLEEEEING.
  2005 | D:2      | 2005 ||| FLEEEEING.
  2006 | D:2      | 2006 ||| FLEEEEING.
  2007 | D:2      | 2007 ||| FLEEEEING.
  2008 | D:2      | 2008 ||| FLEEEEING.
  2009 | D:2      | 2009 ||| FLEEEEING.
  2045 | D:2      | Identified the +2 spear of Cothrecwa {vamp, rElec rC+
                  | Dex+3}
  2293 | D:2      | 2293 ||| READING scroll labelled ULIHOY RIDIMIE.
  2294 | D:2      | 2294 ||| READING scroll labelled OTEDEP AMNAIMAESK.
  2295 | D:2      | 2295 ||| READING scroll labelled HAHUPE SAPEUDE.
  2360 | D:3      | 2360 ||| SWAPPING to +0 war axe.
  2361 | D:3      | 2361 ||| DROPPING +1 hand axe.
  2384 | D:3      | You fall into a shaft and drop 1 floor!
  2429 | D:4      | 2429 ||| Stepping ~*~*~tactically~*~*~ (stealth).
  2436 | D:4      | Gained mutation: Your magical nature lets you fly swiftly
                  | and evasively. [Tengu growth]
  2436 | D:4      | Reached XP level 5. HP: 30/30 MP: 9/9
  2552 | D:4      | 2552 ||| Stepping ~*~*~tactically~*~*~ (hiding).
  2554 | D:4      | 2554 ||| Stepping ~*~*~tactically~*~*~ (hiding).
  2565 | D:4      | Mangled by an orc wizard

Levels and vault maps discovered:
D:1:      dpeg_arrival_rooms_c, layout_loops_ring, serial_forest,
          infiniplex_forest_straight_5, infiniplex_forest_straight_3,
          infiniplex_forest_clump_cross, infiniplex_forest_lined_2,
          infiniplex_forest_clump_cross, infiniplex_forest_corner_1,
          shapermc_ecumenical_altar_notcrosses
D:2:      layout_loops_corners, minmay_three_crescents
D:3:      layout_loops_ring, trog_three_pillars_becter
D:4:      layout_basic, chei_slow_surprise, nicolae_take_the_stairs,
          minmay_misc_feat_pillars, nicolae_zen_rock_garden, minmay_ruptured

Skill      XL: |  1  2  3  4 |
---------------+-------------+-----
Axes           | 3 4 5 |  5.9
Fighting       | |  2.0
Throwing       | |  1.0
Armour         | |  1.1
Dodging        | |  2.1
Spellcasting   | |  2.0
Translocations | |  2.4

Action                   |  1- 3 |  4- 6 || total
-------------------------+-------+-------++-------
Melee: Hand axe          |    73 |    40 ||   113
       Kick              |    15 |    15 ||    30
       Peck              |     8 |     5 ||    13
       War axe           |       |    18 ||    18
Throw: Boomerang         |    17 |    56 ||    73
  Use: Scroll            |     2 |     3 ||     5
Armor: Leather armour    |    15 |       ||    15
       Chain mail        |    15 |    30 ||    45
Dodge: Dodged            |    33 |    29 ||    62

Table legend:
 A = Non-vault XP
 B = Vault XP
 C = Vault XP percentage of total XP
 D = Non-vault monster count
 E = Vault monster count
 F = Vault count percentage of total count
                 A         B        C        D         E       F
            +---------+---------+-------+---------+---------+-------
      Total |     204 |      10 |   4.7 |      53 |       6 |  10.2
            +---------+---------+-------+---------+---------+-------
        D:1 |      30 |       0 |   0.0 |      18 |       0 |   0.0
        D:2 |     109 |      10 |   8.4 |      23 |       6 |  20.7
        D:3 |       4 |       0 |   0.0 |       3 |       0 |   0.0
        D:4 |      61 |       0 |   0.0 |       9 |       0 |   0.0
            +---------+---------+-------+---------+---------+-------
